 Dungeon Crawl Stone Soup version 0.24.0-125-gc4c63601f3 (webtiles) character file.

Game seed: 17505553564870431739, levelgen mode: deterministic

79 Descartes the Grasshopper (level 4, -1/20 HPs)
             Began as a Felid Warper on Feb 23, 2020.
             Slain by an orc
             ... wielding a +0 short sword
              (4 damage)
             ... on level 3 of the Dungeon.
             The game lasted 00:06:06 (4059 turns).

Descartes the Grasshopper (Felid Warper)            Turns: 4059, Time: 00:06:07

Health: -1/20      AC:  3    Str:  9 (10) XL:     4   Next: 17%
Magic:  8/8        EV: 19    Int: 13 (14) God:
Gold:   102        SH:  0    Dex: 15      Spells: 8/8 levels left
                                        Lives:  0   Deaths: 1

rFire    . . .     SeeInvis +     - Unarmed
rCold    . . .     Gourm    .   (shield unavailable)
rNeg     . . .     Faith    .   (armour unavailable)
rPois    .         Spirit   .   (helmet unavailable)
rElec    .         Reflect  .   (cloak unavailable)
rCorr    .         Harm     .   (gloves unavailable)
MR       .....                  (boots unavailable)
Stlth    +++.......             (no amulet)
HPRegen  0.06/turn              (no ring)
MPRegen  0.11/turn              (no ring)

@: quick
A: very small, no armour, no weapons or thrown items, stealth, claws 1, fangs 3,
thin metallic scales 1, see invisible, carnivore, deterioration 1, speed 1,
shaggy fur 1, slow metabolism 1, strong 1, MP-powered wands, sharp paws
a: no special abilities


You were on level 3 of the Dungeon.
You were full.

You visited 1 branch of the dungeon, and saw 3 of its levels.

You collected 102 gold pieces.

Inventory:

Missiles
 g - 2 stones
Jewellery
 k - an uncursed ring of protection from cold {unknown}
Scrolls
 a - 2 scrolls of fog
 b - a scroll of blinking
 e - 2 scrolls of amnesia
 f - 2 scrolls of teleportation
 i - a scroll of magic mapping {unknown}
 l - 3 scrolls of enchant armour
 n - a scroll of enchant weapon {unknown}
 o - a scroll of random uselessness {unknown}
 q - 2 scrolls of identify {unknown}
Potions
 d - a potion of might {unknown}
 h - a potion of brilliance
 j - a potion of lignification
 m - a potion of cancellation
 p - a potion of heal wounds {unknown}
Comestibles
 c - 8 rations


   Skills:
 + Level 2.8 Fighting
 + Level 4.0 Dodging
 + Level 2.4 Stealth
 * Level 3.3 Unarmed Combat
 + Level 2.6 Spellcasting
   Level 4.4 Translocations


You had 8 spell levels left.
You didn't know any spells.
Your spell library contained the following spells:

 Spells                   Type           Power        Failure   Level  Hunger
 Blink                    Tloc           N/A          6%          2    ###....
 Gell's Gravitas          Tloc           ##........   12%         3    ###....
 Lesser Beckoning         Tloc           ##........   12%         3    ###....
 Teleport Other           Tloc           ##......     12%         3    ###....
 Shroud of Golubria       Chrm/Tloc      #.....       14%         2    ###....
 Passage of Golubria      Tloc           N/A          36%         4    #####..


Dungeon Overview and Level Annotations

Branches:
Dungeon (3/15)

Altars:
Gozag
The Shining One


Innate Abilities, Weirdness & Mutations

You cannot wear armour.
You are incapable of wielding weapons or throwing items.
Your paws allow you to move quietly. (Stealth)
You have sharp claws.
You have razor-sharp teeth.
You have supernaturally acute eyesight. (SInv)
You are carnivorous and can eat meat at any time.
You cover ground quickly.
You are covered in fur. (AC +1)
You have a slow metabolism.
Your sharp claws are effective at attacking unaware monsters.
You are partially covered in thin metallic scales. (AC +2)
Your body sometimes deteriorates upon taking damage.
Your muscles are strong. (Str +2)
You expend magic power (3 MP) to strengthen your wands.


Message History

The orc hits you but does no damage.
You scratch the orc.
The orc is moderately wounded.
The orc misses you. The orc closely misses you.
You scratch the orc.
The orc is severely wounded.
The orc hits you. The orc misses you.
You scratch the orc.
The orc is almost dead.
The orc closely misses you. The orc hits you but does no damage.
You scratch the orc but do no damage.
The orc is almost dead.
The orc hits you but does no damage.
You barely miss the orc. You scratch the orc.
The orc is severely wounded.
The orc hits you with a +0 flail. The orc hits you with a +0 whip.
* * * LOW HITPOINT WARNING * * *
The orc hits you with a +0 short sword.
You die...

#.........#.............
#........#%..............
#........###..o........$.....
#............##....#......≈≈≈
#............##.####....≈≈≈≈≈
#............##)####..≈≈≈≈≈≈≈
#............##).....≈≈≈≈≈≈≈≈
##.........ooo.>.....≈≈≈≈≈≈_≈
#.....#....@o...(...≈≈≈≈≈≈≈≈
#.....#..............≈≈≈≈≈≈≈
#.....#.(.............≈≈≈≈≈≈
####....#.......#.........≈≈≈≈
#.§.###..?.######..##.........
#.§§###?...######.........#..#
#........................###.#
#......................### #.#
#......................# #..


You could see 4 orcs.

Vanquished Creatures
  6 adders
  5 worms
  4 dart slugs
  A leopard gecko (D:3)
  A ball python (D:1)
  7 bats
  5 giant cockroaches
  2 goblins (D:1)
  5 hobgoblins
  4 jackals
  5 kobolds
  A quokka (D:3)
  4 frilled lizards
  14 rats
64 creatures vanquished.

Notes
Turn   | Place    | Note
-------+----------+-------------------------------------------
     0 | D:1      | Descartes the Felid Warper began the quest for the Orb.
     0 | D:1      | Reached XP level 1. HP: 9/9 MP: 4/4
   309 | D:1      | Reached XP level 2. HP: 13/13 MP: 6/6
   356 | D:1      | Reached skill level 1 in Stealth
  1101 | D:1      | Reached XP level 3. HP: 16/16 MP: 7/7
  2074 | D:2      | Found an opulent altar of Gozag.
  2391 | D:2      | Reached XP level 4. HP: 20/20 MP: 8/8
  3348 | D:3      | Found an opulent altar of Gozag.
  3543 | D:3      | Slain by an orc
  3544 | D:3      | Reached XP level 3. HP: -4/16 MP: 7/7
  3546 | D:3      | Found a glowing golden altar of the Shining One.
  3677 | D:3      | Gained mutation: Your body sometimes deteriorates upon
                  | taking damage. [potion of mutation]
  3677 | D:3      | Gained mutation: Your muscles are strong. (Str +2) [potion
                  | of mutation]
  3677 | D:3      | Gained mutation: You are partially covered in thin metallic
                  | scales. (AC +2) [potion of mutation]
  3677 | D:3      | Gained mutation: You expend magic power (3 MP) to
                  | strengthen your wands. [potion of mutation]
  3691 | D:3      | Reached XP level 4. HP: 5/20 MP: 8/8
  4059 | D:3      | Slain by an orc

Levels and vault maps discovered:
D:1:      onia_arrival_larder, layout_loops_ring
D:2:      layout_loops_ring, lemuel_doored_altar
D:3:      layout_basic, tso_metal_star, lemuel_crystal_altar,
          lemuel_altar_in_water

Skill      XL: |  1  2  3  4 |
---------------+-------------+-----
Stealth        | 1 2 |  2.4
Unarmed Combat | 3 |  3.3
Dodging        | 4 |  4.0
Fighting       | |  2.8
Spellcasting   | |  2.6
Translocations | |  4.4

Action                   |  1- 3 |  4- 6 || total
-------------------------+-------+-------++-------
Melee: Unarmed           |   150 |    88 ||   238
       Punch             |     1 |     1 ||     2
       Bite              |     9 |    10 ||    19
  Use: Scroll            |     3 |     1 ||     4
       Potion            |     1 |     4 ||     5
 Stab: Sleeping          |    12 |       ||    12
  Eat: Chunk             |    14 |     2 ||    16
Armor: Skin              |    12 |     4 ||    16
Dodge: Dodged            |   117 |    85 ||   202
